 Dungeon Crawl Stone Soup version 0.27.1-34-g3ba077fa99 (webtiles) character file.

Game seed: 348972018043145109

1173 sankara the Ruffian (level 8, 0/60 (62) HPs)
             Began as a Minotaur Transmuter on Jan 19, 2022.
             Slain by a wight (2 damage)
             ... on level 6 of the Dungeon.
             The game lasted 00:17:05 (6927 turns).

sankara the Ruffian (Minotaur Transmuter)           Turns: 6927, Time: 00:17:06

HP:   0/60 (62)     AC:  2    Str: 16    XL:     8   Next: 18%
MP:   4/9           EV: 22    Int: 10    God:
Gold: 189           SH:  0    Dex: 23    Spells: 4/10 levels left

rFire    . . .     SeeInvis .     - Unarmed
rCold    + . .     Faith    +   (shield currently unavailable)
rNeg     . . .     Spirit   .   (armour currently unavailable)
rPois    x         Reflect  .   (helmet currently unavailable)
rElec    .         Harm     .   (cloak currently unavailable)
rCorr    .         Rampage  .   (gloves currently unavailable)
Will     .....                  (boots currently unavailable)
Stlth    ++........             l - amulet of faith
HPRegen  0.20/turn              f - ring of protection from cold
MPRegen  0.11/turn              r - +6 ring of dexterity

@: about to teleport, spider-form, mesmerised, lightly drained
A: venomous fangs, tiny, (horns 2), (retaliatory headbutt)
a: End Transformation


You were on level 6 of the Dungeon.
You were a venomous arachnid creature.
You visited 1 branch of the dungeon, and saw 6 of its levels.

You collected 189 gold pieces.

Inventory:

Hand Weapons
 k - a +0 hunting sling of freezing
Missiles
 b - 51 sling bullets
 e - 124 stones
 p - 4 boomerangs
 q - 3 atropa-tipped darts
 v - 16 poisoned darts (quivered)
 x - 5 silver boomerangs
 y - 2 boomerangs of dispersal
Armour
 a - a +0 robe (melded)
 o - a +1 leather armour of willpower
 t - a +0 cloak (melded)
 w - the +1 buckler of the Stag (melded) {Int+10}
   (You found it on level 4 of the Dungeon)

   Int:       It affects your intelligence (+10).
 I - a +1 pair of gloves (melded)
Jewellery
 f - a ring of protection from cold (left front leg)
 l - an amulet of faith (around neck)
 r - a +6 ring of dexterity (right front leg)
 A - an amulet of reflection
Scrolls
 i - 2 scrolls of vulnerability
 m - a scroll of holy word
 s - 5 scrolls of teleportation
Potions
 d - 3 potions of brilliance
 g - a potion of heal wounds {unknown}
 h - 3 potions of flight
 n - a potion of haste {unknown}
 z - a potion of attraction {unknown}
 B - a potion of ambrosia {unknown}
 F - a potion of degeneration {unknown}
 G - 2 potions of curing
 J - a potion of lignification {unknown}


   Skills:
 + Level 2.4 Fighting
 + Level 4.1 Dodging
 + Level 3.5 Shields
 * Level 6.4 Unarmed Combat
 - Level 1.5 Spellcasting
 + Level 4.4 Transmutations
 - Level 3.0 Poison Magic


You had 4 spell levels left.
You knew the following spells:

 Your Spells              Type           Power      Damage    Failure   Level
a - Beastly Appendage     Tmut           18%        N/A       16%         1
b - Wereblood             Tmut           9%         N/A       22%         2
c - Spider Form           Tmut/Pois      4%         N/A       43%         3

Your spell library contained the following spells:

 Spells                   Type           Power      Damage    Failure   Level
 Ignite Poison            Fire/Tmut/Pois 5%         N/A       56%         3
 Sublimation of Blood     Necr           0%         N/A       67%         2
 Conjure Flame            Conj/Fire      0%         6-21      86%         3
 Ice Form                 Ice/Tmut       5%         N/A       91%         4
 Sticky Flame             Conj/Fire      0%         2d3       99%         4
 Summon Hydra             Summ           0%         N/A       100%        7


Dungeon Overview and Level Annotations

Branches:
Dungeon (6/15)
 Temple: D:4-7

Altars:
Gozag
Ru
Uskayaw

Shops:
D:3 !   D:5 *

Annotations:
D:6 Maggie


Innate Abilities, Weirdness & Mutations

You are a venomous arachnid creature.
You have poisonous fangs.
You are tiny and dextrous.
Your spellcasting is less reliable in this form.
Your armour is entirely melded.
You are incapable of wielding weapons or throwing items.
((You have a pair of horns on your head.))
((You reflexively headbutt those who attack you in melee.))


Message History

Maggie gestures wildly while chanting.
Maggie draws you further into her thrall.
The wight throws a stone.
The stone hits you!
You bite Maggie!
Maggie is moderately wounded.
Maggie hits you with a +0 scimitar.
A wight comes into view.
It is wielding a +5 dire flail of freezing.
You bite Maggie!
Maggie is heavily wounded.
Maggie barely misses you.
Your magical contamination has completely faded away.
You barely miss Maggie.
Maggie is heavily wounded.
Maggie misses you.
You hit Maggie but do no damage.
Maggie is heavily wounded.
A wight comes into view. It is wielding a +3 dagger.
Maggie hits you with a +0 scimitar!
You hit Maggie.
Maggie is heavily wounded.
Maggie hits you with a +0 scimitar!
* * * LOW HITPOINT WARNING * * *
You barely miss Maggie.
Maggie is heavily wounded.
Maggie looks more healthy.
Maggie closely misses you.
A wight comes into view. It is wielding a +0 scimitar.
You hit Maggie.
Maggie is severely wounded.
Maggie closely misses you.
You hit Maggie.
Maggie is severely wounded.
A wight comes into view. It is wielding a +3 mace of freezing.
As you read the scroll of teleportation, it crumbles to dust.
You feel strangely unstable. Maggie closely misses you.
The wight hits you with a +3 scimitar of freezing!
* * * LOW HITPOINT WARNING * * *
You feel drained.
* * * LOW HITPOINT WARNING * * *
The wight freezes you.
You die...

.## #. ..# #.
#.# # #####. #.#
.#
......#####<#..#
.......>†).)...#
###..........#
#...########
##zs# #.@# (z..#
..z....
#....(...
z.z.((?#..
....##. .. ....
#. #.#


You could see Maggie (mesmerising) and 5 wights.

Vanquished Creatures
  A shadow (D:5)
  An ice beast (D:4)
  A black bear (D:5)
  2 ogres
  A phantom (D:4)
  A scorpion (D:4)
  2 gnoll shamans (D:5)
  3 hounds
  2 centaur skeletons
  An iguana (D:5)
  A scorpion zombie (D:5)
  A hound zombie (D:5)
  9 adders
  9 gnolls (D:5)
  An ufetubus (D:4)
  2 worms
  A dart slug (D:3)
  17 orcs
  5 ball pythons
  5 bats
  2 endoplasms
  5 goblins
  6 hobgoblins
  8 jackals
  4 quokkas
  5 frilled lizards
  5 kobolds
  7 rats
  A spectral goblin (D:3)
109 creatures vanquished.

Notes
Turn   | Place    | Note
-------+----------+-------------------------------------------
     0 | D:1      | sankara the Minotaur Transmuter began the quest for the
                  | Orb.
     0 | D:1      | Reached XP level 1. HP: 16/16 MP: 1/1
   174 | D:1      | Reached XP level 2. HP: 22/23 MP: 1/3
   221 | D:1      | Learned a level 2 spell: Wereblood
   365 | D:1      | Reached skill level 4 in Unarmed Combat
  1253 | D:2      | Reached XP level 3. HP: 23/28 MP: 2/4
  1396 | D:2      | Found a hide-covered altar of Uskayaw.
  2126 | D:2      | Reached XP level 4. HP: 35/35 MP: 3/5
  2698 | D:2      | Learned a level 3 spell: Spider Form
  3129 | D:3      | Found Iphan's Distillery.
  3398 | D:3      | Found a faded altar of an unknown god.
  3418 | D:3      | Reached skill level 5 in Unarmed Combat
  3880 | D:3      | Found a sacrificial altar of Ru.
  4038 | D:4      | Noticed a scorpion
  4044 | D:4      | Killed a scorpion
  4045 | D:4      | Reached skill level 1 in Poison Magic
  4045 | D:4      | Reached XP level 5. HP: 37/40 MP: 2/6
  4065 | D:4      | Identified the +1 buckler of the Stag {Int+10}
  4118 | D:4      | Noticed an ogre
  4131 | D:4      | Killed an ogre
  4132 | D:4      | Reached XP level 6. HP: 45/47 MP: 1/7
  4237 | D:4      | Noticed an ice beast
  4244 | D:4      | Killed an ice beast
  4245 | D:4      | Reached skill level 1 in Shields
  4819 | D:4      | Reached XP level 7. HP: 38/52 MP: 1/8
  5081 | D:5      | Entered Level 5 of the Dungeon
  5085 | D:5      | Found Uzixilir's Gadget Gallery.
  6012 | D:5      | Reached skill level 6 in Unarmed Combat
  6064 | D:5      | Noticed a shadow
  6079 | D:5      | Killed a shadow
  6080 | D:5      | Reached XP level 8. HP: 10/61 MP: 3/9
  6629 | D:5      | Found a hide-covered altar of Uskayaw.
  6634 | D:5      | Found an opulent altar of Gozag.
  6908 | D:6      | Noticed Maggie
  6927 | D:6      | HP: 2/60 [wight (3)]
  6927 | D:6      | Slain by a wight

Illustrated notes

Levels and vault maps discovered:
D:1:      dpeg_arrival_refuge, layout_loops_ring, serial_rivers,
          chequers_serial_rivers_small_b, chequers_serial_rivers_micro_c,
          chequers_serial_rivers_large_b, chequers_serial_rivers_marsh,
          chequers_serial_rivers_large_a
D:2:      layout_basic, basic_altar
D:3:      layout_rooms, mainiacjoe_overflow_small_starburst,
          dreamdust_ecumenical_altar_drowned_temple, serial_shops,
          nicolae_shop_crystal
D:4:      layout_rooms
D:5:      layout_loops_ring, minitemple, nicolae_shop_gadgets
D:6:      layout_basic, mainiacjoe_overflow_24_doors, temple_doors_ab,
          uniq_maggie

Skill      XL: |  1  2  3  4  5  6  7 |
---------------+----------------------+-----
Unarmed Combat | 4 5 6 |  6.4
Transmutations | 2 3 4 |  4.4
Poison Magic   | 1 2 3 |  3.0
Shields        | 2 3 |  3.5
Dodging        | 3 4 |  4.1
Fighting       | 2 |  2.4
Spellcasting   | |  1.5

Action                   |  1- 3 |  4- 6 |  7- 9 || total
-------------------------+-------+-------+-------++-------
Melee: Unarmed           |    78 |   103 |   105 ||   286
       Kick              |     9 |    12 |       ||    21
       Headbutt          |    10 |    10 |       ||    20
Throw: Dart              |       |       |     3 ||     3
 Cast: Beastly Appendage |    24 |    13 |       ||    37
       Spider Form       |       |    11 |    15 ||    26
  Use: Scroll            |       |       |    13 ||    13
 Stab: Sleeping          |       |       |     1 ||     1
Armor: Robe              |    12 |     7 |       ||    19
       Skin              |       |     5 |     6 ||    11
Dodge: Dodged            |    47 |   102 |    82 ||   231
Block: Buckler           |       |     4 |     1 ||     5
